 Dungeon Crawl Stone Soup version 0.21-a0-522-ga8338f0 (webtiles) character file.

18 slep the Chopper (level 2, 0/19 HPs)
             Began as a Formicid Wanderer on Dec 6, 2017.
             Slain by an adder (3 damage)
             ... on level 2 of the Dungeon.
             The game lasted 00:01:49 (483 turns).

slep the Chopper (Formicid Wanderer)                 Turns: 483, Time: 00:01:50

Health: 0/19       AC:  2    Str: 15    XL:     2   Next: 90%
Magic:  3/3        EV: 11    Int: 13    God:
Gold:   53         SH:  0    Dex:  9    Spells: 3/3 levels left

rFire    . . .     SeeInvis +   a - +2 hand axe
rCold    . . .     Gourm    .   (no shield)
rNeg     . . .     Faith    .   k - +0 robe (curse)
rPois    .         Spirit   .   (helmet unavailable)
rElec    .         Reflect  .   (no cloak)
rCorr    .         Harm     .   (no gloves)
MR       .....                  (no boots)
Stlth    +.........             (no amulet)
HPRegen  0.06/turn              (no ring)
MPRegen  0.08/turn              (no ring)

@: no status effects
A: permanent stasis, dig shafts and tunnels, four strong arms, antennae 3
a: Dig, Shaft Self


You were on level 2 of the Dungeon.
You were not hungry.

You visited 1 branch of the dungeon, and saw 2 of its levels.

You collected 53 gold pieces.

Inventory:

Hand Weapons
 a - a +2 hand axe (weapon)
Armour
 d - a +0 robe
 k - a cursed +0 robe (worn)
Wands
 l - a wand of flame (24)
Scrolls
 e - a scroll of identify {unknown}
 h - 4 scrolls of enchant armour {unknown}
 j - 2 scrolls of teleportation {unknown}
Potions
 b - a potion of lignification
 c - a potion of curing
 i - a potion of resistance {unknown}
Comestibles
 f - a bread ration
 g - a fruit


   Skills:
 + Level 4.7 Axes
 + Level 1.1 Armour
 + Level 0.2 Dodging
   Level 1.2 Shields
 + Level 1.1 Spellcasting
   Level 2.0 Summonings
 + Level 1.1 Evocations


You had 3 spell levels left.
You didn't know any spells.

Dungeon Overview and Level Annotations

Branches:
Dungeon (2/15)

Altars:


Innate Abilities, Weirdness & Mutations

You cannot be hasted, slowed, berserked, paralysed or teleported.
You can dig through walls and to a lower floor.
Your four strong arms can wield two-handed weapons with a shield.
You have a pair of large antennae on your head. (SInv)


Message History

You now have 53 gold pieces (gained 5).
You sense a monster nearby.
An adder comes into view.
The adder bites you.
You barely miss the adder. The adder closely misses you.
You hit the adder.
The adder is heavily wounded.
The adder bites you. x2
* * * LOW HITPOINT WARNING * * *
You miss the adder.
The adder is heavily wounded.
The adder bites you.
* * * LOW HITPOINT WARNING * * *
You hit the adder.
The adder is heavily wounded.
The adder barely misses you.
You closely miss the adder.
The adder is heavily wounded.
The adder closely misses you. The adder bites you.
You die...

#. #. #.
#. #. #.
#S########
#.@......#
#.######.#
#.. #.#
#... #.#
##.. #.#
... #.#
###. #.#
#. #.#
#.######


You could see an adder.

Vanquished Creatures
  A dart slug (D:1)
  3 bats (D:1)
  A giant cockroach (D:1)
  2 goblins (D:1)
  A hobgoblin (D:1)
  2 jackals (D:1)
  2 frilled lizards (D:1)
  2 kobolds (D:1)
  2 rats (D:1)
16 creatures vanquished.

Notes
Turn   | Place    | Note
-------+----------+-------------------------------------------
     0 | D:1      | slep the Formicid Wanderer began the quest for the Orb.
     0 | D:1      | slep set off with: a +2 hand axe, a potion of lignification, a potion of curing, a +0 robe, a bread ration
     0 | D:1      | Reached XP level 1. HP: 13/13 MP: 2/2
    39 | D:1      | Reached XP level 2. HP: 14/19 MP: 3/3
   483 | D:2      | Slain by an adder

Vault maps used:
D:1:      minmay_arrival_plants_in_alcoves, minmay_misc_feat_encased,
          minmay_tripent
D:2:      first_bread, cheibrodos_gnoll_hut

Action                   || total
-------------------------++-------
Melee: Hand axe          ||    36
Armor: Robe              ||     7
Dodge: Dodged            ||    28

Table legend:
 A = Spawn XP
 B = Non-spawn XP
 C = Spawn XP percentage of total XP
 D = Spawn monster count
 E = Non-spawn monster count
 F = Spawn count percentage of total count
 G = Total turns spent on level
                    A         B        C        D         E        F      G
               +---------+---------+-------+---------+---------+-------+---------
         Total |       0 |      27 |   0.0 |       0 |      16 |   0.0 |   483
               +---------+---------+-------+---------+---------+-------+---------
           D:1 |       0 |      27 |   0.0 |       0 |      16 |   0.0 |   450
               +---------+---------+-------+---------+---------+-------+---------
